 Dungeon Crawl Stone Soup version 0.16-a0-4115-ga5ed934 (webtiles) character file.

163 McCoppin the Slasher (level 5, -1/41 HPs)
             Began as a Demonspawn Fighter on Mar 1, 2015.
             Slain by a jackal (2 damage)
             ... on level 3 of the Dungeon.
             The game lasted 00:09:48 (2514 turns).

McCoppin the Slasher (Demonspawn Fighter)           Turns: 2514, Time: 00:09:48

Health: -1/41      AC:  7    Str: 23    XL:     5   Next: 20%
Magic:  5/5        EV:  7    Int:  9    God:
Gold:   147        SH:  9    Dex: 12    Spells: 0 memorised, 4 levels left

rFire  . . .     SeeInvis .     a - +0 long sword
rCold  . . .     Clarity  .     b - +0 scale mail
rNeg   . . .     SustAb   .     c - +0 shield
rPois  .         Gourm    .     (no helmet)
rElec  .         Spirit   .     (no cloak)
rCorr  .         Warding  .     (no gloves)
rMut   .         Stasis   .     (no boots)
MR     .....                    (no amulet)
Stlth  ..........               (no ring)
                                (no ring)

@: mighty, very slightly contaminated, invisible, not resistant to hostile
enchantments, extremely unstealthy
A: molten scales 1, demonic guardian 1, powered by death 1
a: no special abilities


You were on level 3 of the Dungeon.
You were hungry.

You visited 1 branch of the dungeon, and saw 3 of its levels.

You collected 147 gold pieces.

Inventory:

Hand weapons
 a - a +0 long sword (weapon)
Missiles
 k - 113 stones (quivered)
Armour
 b - a +0 scale mail (worn)
 c - a +0 shield (worn)
Jewellery
 g - an uncursed ring of stealth {unknown}
 m - an uncursed ring of magical power {unknown}
 t - an uncursed ring of wizardry {unknown}
Magical devices
 p - a wand of slowing (12)
Scrolls
 i - a scroll of teleportation
Potions
 j - a potion of lignification {unknown}
 l - a potion of poison {unknown}
 s - 3 potions of curing {unknown}
Comestibles
 d - a bread ration
 h - 3 meat rations
 n - a beef jerky
 o - a slice of pizza
 q - a chunk of flesh


   Skills:
 - Level 3.0 Fighting
 + Level 5.0 Long Blades
 - Level 2.6 Armour
 - Level 2.6 Shields


You had 4 spell levels left.
You didn't know any spells.

Dungeon Overview and Level Annotations

Branches:
Dungeon (3/15)

Altars:
Dithmenos


Innate Abilities, Weirdness & Mutations

You are partially covered in molten scales (AC +1).
A weak demonic guardian rushes to your aid.
You can steal the life force of nearby defeated enemies.


Message History

The jackal splashes around in the water.
The jackal barely misses you.
The jackal bites you but does no damage.
Drink which item? (? for menu, Esc to quit)
It was a potion of invisibility.
You fade into invisibility!
The jackal closely misses you.
The jackal splashes around in the water.
The jackal bites you.
* * * LOW HITPOINT WARNING * * *
The jackal bites you but does no damage.
You block the jackal's attack.
The jackal bites you but does no damage.
You are very lightly contaminated with residual magic.
You closely miss the jackal. The jackal misses you.
You block the jackal's attack.
The jackal pauses to sniff the ground.
You block the jackal's attack. The jackal closely misses you.
The jackal bites you.
You die...

###############
≈≈ ≈
#################
.......h@hh.....h
≈≈≈≈≈≈≈≈hh≈≈≈≈≈≈≈
≈≈≈≈≈≈≈≈≈≈≈≈≈≈≈≈≈
≈≈≈≈≈≈≈≈≈≈≈≈≈≈≈
..............P
...............
#############


You could see 6 jackals.

Vanquished Creatures
  Ijyb (D:2)
  2 adders (D:2)
  4 gnolls (D:3)
  2 giant geckos (D:1)
  An ooze (D:1)
  5 orcs (D:3)
  6 bats
  2 giant cockroaches
  11 hobgoblins
  A giant newt (D:3)
  6 goblins
  8 jackals (D:3)
  9 kobolds
  5 rats
63 creatures vanquished.

Vanquished Creatures (collateral kills)
  An orc priest (D:3)
  2 orcs (D:3)
  2 jackals (D:3)
  A rat (D:3)
6 creatures vanquished.

Vanquished Creatures (others)
  A quasit (D:3)
  A crimson imp (D:3)
  An iron imp (D:3)
  2 white imps (D:3)
  An ufetubus (D:3)
6 creatures vanquished.

Grand Total: 75 creatures vanquished

Notes
Turn   | Place    | Note
--------------------------------------------------------------
     0 | D:1      | McCoppin, the Demonspawn Fighter, began the quest for the Orb.
     0 | D:1      | Reached XP level 1. HP: 18/18 MP: 1/1
   278 | D:1      | Gained mutation: A weak demonic guardian rushes to your aid. [demonic ancestry]
   278 | D:1      | Reached XP level 2. HP: 21/24 MP: 2/2
   955 | D:2      | Noticed Ijyb
   969 | D:2      | Killed Ijyb
   969 | D:2      | Gained mutation: You are partially covered in molten scales (AC +1). [demonic ancestry]
   969 | D:2      | Reached XP level 3. HP: 26/29 MP: 3/3
  1394 | D:2      | Reached skill level 4 in Long Blades
  1394 | D:2      | Gained mutation: You can steal the life force of nearby defeated enemies. [demonic ancestry]
  1394 | D:2      | Reached XP level 4. HP: 26/35 MP: 4/4
  1627 | D:2      | Found a shadowy altar of Dithmenos.
  2315 | D:3      | Reached XP level 5. HP: 41/41 MP: 5/5
  2460 | D:3      | Reached skill level 5 in Long Blades
  2513 | D:3      | HP: 1/41 [jackal (3)]
  2514 | D:3      | Slain by a jackal

Action                   |  1- 3 |  4- 6 || total
-------------------------+-------+-------++-------
Melee: Long sword        |   111 |    91 ||   202
  Use: Scroll            |       |     4 ||     4
       Potion            |       |     2 ||     2
  Eat: Chunk             |     1 |     4 ||     5
